 Dungeon Crawl Stone Soup version 0.30-a0-358-g0d69a1922f (webtiles) character file.

Game seed: 9815410917979913728

93 p00ps00p the Trooper (level 4, -1/61 HPs)
             Began as a Hill Orc Fighter on Nov 10, 2022.
             Succumbed to an adder's poison
             ... on level 3 of the Dungeon.
             The game lasted 00:05:04 (1805 turns).

p00ps00p the Trooper (Hill Orc Fighter)             Turns: 1805, Time: 00:05:05

Health: -1/61      AC: 10    Str: 23    XL:     4   Next: 61%
Magic:  4/4        EV:  7    Int:  8    God:
Gold:   174        SH:  6    Dex: 24    Spells: 3/3 levels left

rFire   . . .      SeeInvis +    g - +7 whip of Ornamental Tenacity {venom, Dex+10 Stlth+}
rCold   . . .      Faith    .    c - +0 buckler
rNeg    . . .      Spirit   .    m - +0 chain mail
rPois   .          Reflect  .    e - +0 helmet of Makhleb's Outrage {Str+3 Dex+4 SInv}
rElec   .          Harm     .    (no cloak)
rCorr   .          Rampage  .    (no gloves)
Will    .....                    (no boots)
Stlth   ..........               (no amulet)
HPRegen 0.30/turn                (no ring)
MPRegen 0.09/turn                (no ring)

@: berserking, lethally poisoned (-1 -> -8), very quick
A: no striking features
a: no special abilities


You were on level 3 of the Dungeon.
You visited 1 branch of the dungeon, and saw 3 of its levels.

You collected 174 gold pieces.

Inventory:

Hand Weapons
 a - a +0 war axe of flaming
 g - the +7 whip of Ornamental Tenacity (weapon) {venom, Dex+10 Stlth+}
   (You found it on level 2 of the Dungeon)

   It poisons the flesh of those it strikes.
   Dex:       It affects your dexterity (+10).
   Stlth:     It makes you more stealthy.
Armour
 c - a +0 buckler (worn)
 e - the +0 helmet of Makhleb's Outrage (worn) {Str+3 Dex+4 SInv}
   (You acquired it on level 2 of the Dungeon)

   Str:       It affects your strength (+3).
   Dex:       It affects your dexterity (+4).
   SInv:      It lets you see invisible.
 m - a +0 chain mail (worn)
Scrolls
 b - a scroll of identify
 h - a scroll of enchant armour
 j - 2 scrolls of magic mapping
Potions
 d - a potion of might


   Skills:
 + Level 4.4 Fighting
 + Level 3.9 Axes
 + Level 4.1 Armour
 + Level 4.0 Shields


You had 3 spell levels left.
You didn't know any spells.
Your spell library contained the following spells:

 Spells                   Type           Power      Damage    Failure   Level
 Gell's Gravitas          Tloc           0%         N/A       100%        3
 Lesser Beckoning         Tloc           0%         N/A       100%        3
 Teleport Other           Tloc           0%         N/A       100%        3
 Tukima's Dance           Hex            0%         N/A       100%        3
 Passage of Golubria      Tloc           0%         N/A       100%        4
 Yara's Violent Unravell  Hex/Tmut       0%         3d3       100%        5


Dungeon Overview and Level Annotations

Branches:
Dungeon (3/15)

Altars:


Message History

* * * LOW HITPOINT WARNING * * *
As you read the scroll of teleportation, it crumbles to dust.
You feel strangely unstable. The adder bites you but does no damage.
The gnoll hits you with a +0 whip.
* * * LOW HITPOINT WARNING * * *
The endoplasm freezes you.
You are frozen.
* * * LOW HITPOINT WARNING * * *
The adder bites you but does no damage.
It was a potion of berserk rage.
A red film seems to cover your vision as you go berserk!
You feel yourself moving faster!
You feel mighty! You block the adder's attack.
The adder bites you but does no damage. The gnoll hits you but does no damage.
The endoplasm hits you but does no damage.
A ball python comes into view.
The adder bites you but does no damage.
You whack the gnoll!
You kill the gnoll!
The adder barely misses you.
The endoplasm hits you but does no damage.
The adder bites you but does no damage.
You barely miss the adder. The adder bites you.
* * * LOW HITPOINT WARNING * * *
You are poisoned.
The adder poisons you! You block the giant cockroach's attack.
The adder bites you.
* * * LOW HITPOINT WARNING * * *
You are more poisoned.
The adder poisons you!
The endoplasm hits you but does no damage.
You whack the adder!
You kill the adder!
Your surroundings suddenly seem different.
* * * LOW HITPOINT WARNING * * *
You feel sick.
Your Shields skill increases to level 4!
There is a lethal amount of poison in your body!
You are too berserk!
You are too berserk!
You die...

#.# #.############
#.#..........#
#............#
.####......).....#
.........†.........#
..####.............#
#.#...........#
#.#.....@.....#
#.#...........#
#.#...........#
.#####.##'##########
.....#.##.#
...#..rB.S#
.......J†##
J.###...J# #.#..#


There were no monsters in sight!

Vanquished Creatures
  A gnoll (D:3)
  2 adders
  4 worms (D:2)
  4 dart slugs
  4 endoplasms
  3 goblins
  7 hobgoblins
  2 ball pythons
  5 bats
  A frilled lizard (D:2)
  8 kobolds
  6 rats
47 creatures vanquished.

Notes
Turn   | Place    | Note
-------+----------+-------------------------------------------
     0 | D:1      | p00ps00p the Hill Orc Fighter began the quest for the Orb.
     0 | D:1      | Reached XP level 1. HP: 19/19 MP: 1/1
   130 | D:1      | Reached XP level 2. HP: 21/27 MP: 2/2
   564 | D:1      | Reached XP level 3. HP: 33/33 MP: 3/3
   632 | D:2      | Identified a scroll of acquirement
   636 | D:2      | Acquired the +0 helmet of Makhleb's Outrage {Str+3 Dex+4
                  | SInv}
   934 | D:2      | Reached XP level 4. HP: 28/40 MP: 4/4
  1003 | D:2      | Identified the +7 whip of Ornamental Tenacity {venom,
                  | Dex+10 Stlth+}
  1803 | D:3      | HP: 3/61 [adder (2)]
  1804 | D:3      | HP: 1/61 [poisoned by an adder]
  1805 | D:3      | Succumbed to an adder's poison

Illustrated notes

Levels and vault maps discovered:
D:1:      minmay_arrival_stair_chambers, layout_basic
D:2:      layout_loops_ring, grunt_ministairs_6
D:3:      wad_river_or_something, layout_basic, lemuel_crystal_altar,
          fedhas_altar_4, minmay_fractal_squares_5, uniq_natasha

Skill      XL: |  1  2  3  4 |
---------------+-------------+-----
Axes           | 3 |  3.9
Fighting       | 4 |  4.4
Armour         | 4 |  4.1
Shields        | 4 |  4.0

Action                   |  1- 3 |  4- 6 || total
-------------------------+-------+-------++-------
Melee: War axe           |    93 |     4 ||    97
       Whip              |       |    21 ||    21
  Use: Scroll            |     5 |     3 ||     8
       Potion            |       |     1 ||     1
Armor: Scale mail        |    41 |    14 ||    55
       Chain mail        |       |    15 ||    15
Dodge: Dodged            |    47 |    18 ||    65
Block: Buckler           |    17 |    18 ||    35

Table legend: (Time is in decaauts)
 A = Elapsed time spent in this place.
 B = Non-inter-level travel time spent in this place.
 C = Inter-level travel time spent in this place.
 D = Time resting spent in this place.
 E = Time spent auto-exploring this place.
 F = Levels seen in this place.
 G = Mean time per level.
                   A        B        C        D        E       F      G
               +--------+--------+--------+--------+--------+-----+--------+
         Total |   1840 |   1779 |     61 |    325 |   1008 |   3 |  613.3 |
       Dungeon |   1840 |   1779 |     61 |    325 |   1008 |   3 |  613.3 |
               +--------+--------+--------+--------+--------+-----+--------+

Top non-repeatable levels by time:
     D:2: 840 daAuts
     D:1: 637 daAuts
     D:3: 362 daAuts
